 Dungeon Crawl Stone Soup version 0.28-a0-1518-gbe868bca14 (webtiles) character file.

Game seed: 1371018380982941244

39 issech the Vexing (level 3, -2/20 HPs)
             Began as a Deep Elf Arcane Marksman on Jan 17, 2022.
             Succumbed to a scorpion's poison
             ... on level 2 of the Dungeon.
             The game lasted 00:12:29 (2115 turns).

issech the Vexing (Deep Elf Arcane Marksman)        Turns: 2115, Time: 00:12:30

Health: -2/20      AC:  5    Str:  7    XL:     3   Next: 26%
Magic:  2/7        EV: 10    Int: 17    God:
Gold:   80         SH:  0    Dex: 17    Spells: 4/5 levels left

rFire   . . .      SeeInvis .   a - +0 shortbow
rCold   . . .      Faith    .   (shield currently unavailable)
rNeg    . . .      Spirit   +   h - +0 ring mail
rPois   .          Reflect  .   (no helmet)
rElec   .          Harm     .   (no cloak)
rCorr   .          Rampage  .   (no gloves)
Will    .....                   (no boots)
Stlth   +.........              q - amulet of guardian spirit
HPRegen 0.06/turn               (no ring)
MPRegen 0.10/turn               (no ring)

@: lethally poisoned (-2 -> -27)
A: subdued magic 1
a: no special abilities


You were on level 2 of the Dungeon.
You visited 1 branch of the dungeon, and saw 2 of its levels.

You collected 80 gold pieces.

Inventory:

Hand Weapons
 a - a +0 shortbow (weapon)
 e - a +0 dagger
 g - a +0 short sword
 i - a +0 club
 j - a +0 dagger
 k - a +0 dagger
 l - a +0 short sword
 r - a +0 dagger
 s - a +0 dagger
 t - a +0 whip
 v - a +0 dagger
Missiles
 c - 16 arrows (quivered ammo)
 f - 29 stones
 m - 4 large rocks
Armour
 d - a +0 robe
 h - a +0 ring mail (worn)
 u - a +0 ring mail
Jewellery
 q - an amulet of guardian spirit (around neck)
Scrolls
 n - 3 scrolls of teleportation {unknown}
 o - 2 scrolls of noise {unknown}
Potions
 b - a potion of heal wounds {unknown}


   Skills:
 + Level 1.0 Fighting
 + Level 0.1 Short Blades
 + Level 4.0 Bows
 + Level 0.2 Armour
 + Level 2.5 Dodging
 + Level 1.5 Spellcasting
 + Level 4.6 Hexes


You had 4 spell levels left.
You knew the following spells:

 Your Spells              Type           Power      Damage    Failure   Level
a - Slow                  Hex            52%        N/A       9%          1

Your spell library contained the following spells:

 Spells                   Type           Power      Damage    Failure   Level
 Inner Flame              Hex/Fire       7%         N/A       58%         3
 Portal Projectile        Hex/Tloc       14%        N/A       58%         3
 Cause Fear               Hex            6%         N/A       67%         4


Dungeon Overview and Level Annotations

Branches:
Dungeon (2/15)

Altars:


Innate Abilities, Weirdness & Mutations

Your spells are a little easier to cast, but a little less powerful.


Message History

The scorpion stings you. x2
Fire: 21 arrows
Press: ? - help, Q - select action, (/) - cycle Shift-Dir - straight line, f/p - scorpion
Aim: a scorpion (lightly wounded, 62% to hit)
You shoot an arrow. The arrow closely misses the scorpion.
The scorpion stings you.
Fire: 20 arrows
Press: ? - help, Q - select action, (/) - cycle Shift-Dir - straight line, f/p - scorpion
Aim: a scorpion (lightly wounded, 62% to hit)
You shoot an arrow. The arrow hits the scorpion.
The scorpion is moderately wounded.
The scorpion closely misses you.
Fire: 19 arrows
Press: ? - help, Q - select action, (/) - cycle Shift-Dir - straight line, f/p - scorpion
Aim: a scorpion (moderately wounded, 62% to hit)
You shoot an arrow. The arrow barely misses the scorpion.
The scorpion barely misses you.
Unknown command.
Fire: 18 arrows
Press: ? - help, Q - select action, (/) - cycle Shift-Dir - straight line, f/p - scorpion
Aim: a scorpion (moderately wounded, 62% to hit)
You shoot an arrow. The arrow hits the scorpion.
The scorpion is moderately wounded.
The scorpion stings you.
You are lethally poisoned!
The scorpion poisons you!
The scorpion stings you but does no damage.
Fire: 17 arrows
Press: ? - help, Q - select action, (/) - cycle Shift-Dir - straight line, f/p - scorpion
Aim: a scorpion (moderately wounded, 62% to hit)
You shoot an arrow. The arrow hits the scorpion.
The scorpion is moderately wounded.
You feel very sick. The scorpion stings you.
* * * LOW HITPOINT WARNING * * *
You are more poisoned.
The scorpion poisons you!
It was a potion of mutation.
You feel extremely strange.
Your connection to magic feels subdued.
You die...

(... #. ...[##.
####. ....... #...
.......##+###'###
....)..#........#
.....(.#........#
......(#........###
.(.....s@.........#
...##.>##########.#
##. #.....†.#.# #.
#.#.....#.# #.
#.#.......# #.
#.#.....### #.
#.#.......# #.
#.#...###†# #.##.##
#.#


You could see a scorpion.

Vanquished Creatures
  A dart slug (D:1)
  2 bats (D:2)
  An endoplasm (D:1)
  A giant cockroach (D:1)
  4 goblins (D:1)
  5 hobgoblins (D:1)
  4 jackals (D:1)
  4 ball pythons
  A frilled lizard (D:1)
  4 kobolds
  8 rats
35 creatures vanquished.

Vanquished Creatures (others)
  30 plants (D:1)
30 creatures vanquished.

Grand Total: 65 creatures vanquished

Notes
Turn   | Place    | Note
-------+----------+-------------------------------------------
     0 | D:1      | issech the Deep Elf Arcane Marksman began the quest for the
                  | Orb.
     0 | D:1      | Reached XP level 1. HP: 11/11 MP: 5/5
   172 | D:1      | Found a faded altar of an unknown god.
   329 | D:1      | Reached XP level 2. HP: 13/16 MP: 6/6
  1399 | D:1      | Reached XP level 3. HP: 20/20 MP: 7/7
  1414 | D:1      | Reached skill level 1 in Fighting
  2100 | D:2      | Noticed a scorpion
  2115 | D:2      | Gained mutation: Your spells are a little easier to cast,
                  | but a little less powerful. [potion of mutation]
  2115 | D:2      | Succumbed to a scorpion's poison

Illustrated notes

Levels and vault maps discovered:
D:1:      dpeg_arrival_rooms_a, layout_basic, serial_rivers,
          chequers_serial_rivers_micro_e, chequers_serial_rivers_marsh,
          chequers_serial_rivers_micro_b, chequers_serial_rivers_micro_b,
          hellmonk_ecumenical_altar_zigzags, hangedman_decor_diamond_cutter,
          serial_bayou_lake_a
D:2:      layout_basic, uniq_jessica

Skill      XL: |  1  2  3 |
---------------+----------+-----
Bows           | 3 4 |  4.0
Fighting       | 1 |  1.0
Short Blades   | |  0.1
Armour         | |  0.2
Dodging        | |  2.5
Spellcasting   | |  1.5
Hexes          | |  4.6

Action                   || total
-------------------------++-------
Melee: Short sword       ||   138
       Punch             ||     2
 Fire: Shortbow          ||    89
Throw: Stone             ||     1
  Use: Potion            ||     1
Armor: Ring mail         ||    19
Dodge: Dodged            ||    43

Table legend: (Time is in decaauts)
 A = Elapsed time spent in this place.
 B = Non-inter-level travel time spent in this place.
 C = Inter-level travel time spent in this place.
 D = Time resting spent in this place.
 E = Time spent auto-exploring this place.
 F = Levels seen in this place.
 G = Mean time per level.
                   A        B        C        D        E       F      G
               +--------+--------+--------+--------+--------+-----+--------+
         Total |   2265 |   2265 |      0 |     84 |    639 |   2 | 1132.5 |
       Dungeon |   2265 |   2265 |      0 |     84 |    639 |   2 | 1132.5 |
               +--------+--------+--------+--------+--------+-----+--------+

Top non-repeatable levels by time:
     D:1: 2152 daAuts
     D:2: 113 daAuts
